 Dungeon Crawl Stone Soup version 0.22.1-5-g62c59d9 (webtiles) character file.

863 Fang the Chopper (level 8, -7/75 HPs)
             Began as a Gargoyle Berserker on Jan 14, 2019.
             Was a Believer of Trog.
             Mangled by an ogre
             ... wielding a +0 giant club
              (15 damage)
             ... on level 6 of the Dungeon.
             The game lasted 00:04:48 (5277 turns).

Fang the Chopper (Gargoyle Berserker)               Turns: 5277, Time: 00:04:48

Health: -7/75      AC: 17    Str: 28    XL:     8   Next: 2%
Magic:  8/8        EV:  8    Int:  8    God:    Trog [**....]
Gold:   354        SH:  0    Dex:  9    Spells: 7/7 levels left

rFire    x . .     SeeInvis +   a - +0 hand axe
rCold    + . .     Gourm    .   (no shield)
rNeg     + . .     Faith    .   t - +0 plate armour (curse)
rPois    ∞         Spirit   .   (no helmet)
rElec    +         Reflect  .   (no cloak)
rCorr    .         Harm     .   (no gloves)
MR       .....                  (no boots)
Stlth    ..........             (no amulet)
HPRegen  0.22/turn              h - ring of see invisible
MPRegen  0.11/turn              v - ring of ice

@: berserking, very quick
A: negative energy resistance 1, electricity resistance, unbreathing,
petrification resistance, rot immunity, AC +5
a: Berserk, Trog's Hand, Renounce Religion


You were on level 6 of the Dungeon.
You worshipped Trog.
Trog was pleased with you.
You were near starving.

You visited 1 branch of the dungeon, and saw 6 of its levels.

You collected 354 gold pieces.

Inventory:

Hand Weapons
 a - a +0 hand axe (weapon)
Armour
 t - a cursed +0 plate armour (worn)
Jewellery
 h - a ring of see invisible (left hand)
 v - a ring of ice (right hand)
Wands
 r - a wand of iceblast (9)
Scrolls
 d - 3 scrolls of identify {unknown}
 e - a scroll of blinking {unknown}
 f - 5 scrolls of enchant armour {unknown}
 g - 2 scrolls of remove curse {unknown}
 k - a scroll of enchant weapon {unknown}
 m - 3 scrolls of teleportation {unknown}
 n - 2 scrolls of immolation {unknown}
 p - a scroll of magic mapping {unknown}
 s - a scroll of amnesia {unknown}
Potions
 b - a potion of haste {unknown}
 i - 4 potions of curing {unknown}
 j - a potion of lignification {unknown}
 l - 2 potions of degeneration {unknown}
 o - a potion of invisibility {unknown}
 q - a potion of flight {unknown}
Comestibles
 c - 10 rations


   Skills:
 + Level 5.4 Fighting
 + Level 6.2 Axes
 + Level 3.9 Armour
 + Level 3.2 Dodging
 + Level 1.2 Stealth


You had 7 spell levels left.
You didn't know any spells.
Your spell library was empty.

Dungeon Overview and Level Annotations

Branches:
Dungeon (6/15)             Temple (0/1) D:6

Altars:
Cheibriados
Dithmenos
Gozag
Hepliaklqana
Kikubaaqudgha
Makhleb
Okawaru
Ru
Vehumet
Wu Jian
Yredelemnul
Zin

Annotations:
D:6 1 transporter, wyoknott's ghost, novice MiFi


Innate Abilities, Weirdness & Mutations

You are resistant to torment.
Your stone body is resilient. (AC +5)
You are immune to poison.
You resist negative energy. (rN+)
You are resistant to electric shocks. (rElec)
You can survive without breathing.
You are immune to petrification.
You are immune to rotting.


Message History

The ogre is lightly wounded.
The ogre hits you with a giant club!
* * * LOW HITPOINT WARNING * * *
You are too injured to fight recklessly!
You are too injured to fight recklessly!
You are too injured to fight recklessly!
You are too injured to fight recklessly!
You are too injured to fight recklessly!
You are too injured to fight recklessly!
You are too injured to fight recklessly!
You are too injured to fight recklessly!
You hit the ogre.
The ogre is lightly wounded.
The ogre hits you with a giant club!
* * * LOW HITPOINT WARNING * * *
A red film seems to cover your vision as you go berserk!
You feel yourself moving faster!
You feel mighty!
You are near starving!
The ogre hits you with a giant club!
You die...

.###PPP##.#.......##.##.
....######+##.###########
....#####......#
...............#..## .
...............#.#..#.#..
..........###+##.#..#.#..
..............##..##...##
###.......#...##WOOO.$$.[
.......O@.#...###########
########..#...#.....©.©..
#..#...#..........
#..#...###...#.#..
#..#######...#...#
#................#
##.#######.##.####
#.#........#.#
#.#####.#..#.#


You could see an ogre.

Vanquished Creatures
  A sky beast (D:6)
  A phantom (D:4)
  A centaur (D:5)
  2 bullfrogs (D:6)
  A scorpion (D:6)
  A howler monkey (D:4)
  2 crimson imps (D:5)
  A hound (D:5)
  A gnoll shaman (D:6)
  An orc priest (D:4)
  An orc wizard (D:4)
  A worker ant (D:4)
  A hound skeleton (D:5)
  4 gnolls (D:6)
  7 adders
  An adder zombie (D:5)
  A worm (D:4)
  2 dart slugs (D:1)
  12 orcs
  2 giant cockroaches
  5 hobgoblins
  5 jackals
  2 quokkas
  3 bats
  4 frilled lizards
  A giant cockroach zombie (D:6)
  4 goblins
  8 kobolds
  3 rats
79 creatures vanquished.

Notes
Turn   | Place    | Note
-------+----------+-------------------------------------------
     0 | D:1      | Fang the Gargoyle Berserker began the quest for the Orb.
     0 | D:1      | Reached XP level 1. HP: 14/14 MP: 1/1
    17 | D:1      | HP: 1/21 [hobgoblin/club (2)]
   602 | D:1      | Reached XP level 2. HP: 13/19 MP: 2/2
  1061 | D:2      | Found an ancient bone altar of Kikubaaqudgha.
  1823 | D:3      | Reached skill level 3 in Axes
  1823 | D:3      | Reached XP level 3. HP: 22/24 MP: 3/3
  1869 | D:3      | Reached ** piety under Trog
  2607 | D:4      | Reached XP level 4. HP: 16/29 MP: 4/4
  2777 | D:4      | Found a basalt altar of Yredelemnul.
  2782 | D:4      | Reached XP level 5. HP: 33/33 MP: 5/5
  2783 | D:4      | Reached skill level 4 in Axes
  2875 | D:4      | Reached skill level 1 in Stealth
  2959 | D:4      | Noticed a phantom
  2980 | D:4      | Killed a phantom
  2980 | D:4      | Reached XP level 6. HP: 39/39 MP: 6/6
  3655 | D:5      | Entered Level 5 of the Dungeon
  3655 | D:5      | Found a shadowy altar of Dithmenos.
  3655 | D:5      | Found a sacrificial altar of Ru.
  3655 | D:5      | Found a glowing silver altar of Zin.
  3655 | D:5      | Found an iron altar of Okawaru.
  3656 | D:5      | Found an opulent altar of Gozag.
  3676 | D:5      | Reached skill level 5 in Axes
  3753 | D:5      | Found a hazy altar of Hepliaklqana.
  3760 | D:5      | Found a snail-covered altar of Cheibriados.
  3874 | D:5      | Reached XP level 7. HP: 24/44 MP: 7/7
  3966 | D:5      | Found a burning altar of Makhleb.
  3966 | D:5      | Found a radiant altar of Vehumet.
  4385 | D:6      | Reached skill level 5 in Fighting
  4577 | D:6      | Noticed wyoknott's ghost (novice MiFi)
  4578 | D:6      | Found a transporter.
  4578 | D:6      | Noticed a two-headed ogre
  4687 | D:6      | Reached skill level 6 in Axes
  4923 | D:6      | Found an ornate altar of the Wu Jian Council.
  5056 | D:6      | Found a staircase to the Ecumenical Temple.
  5272 | D:6      | Reached XP level 8. HP: 42/50 MP: 8/8
  5277 | D:6      | Mangled by an ogre

Skill      XL: |  1  2  3  4  5  6  7 |
---------------+----------------------+-----
Axes           | 3 4 5 6 |  6.2
Fighting       | 4 5 |  5.4
Dodging        | 2 3 |  3.2
Stealth        | 1 |  1.2
Armour         | 3 |  3.9

Action                   |  1- 3 |  4- 6 |  7- 9 || total
-------------------------+-------+-------+-------++-------
Melee: Hand axe          |   127 |   144 |   180 ||   451
Invok: Berserk           |     1 |     2 |     2 ||     5
  Eat: Chunk             |     5 |     7 |     5 ||    17
Armor: Animal skin       |    34 |    29 |       ||    63
       Plate armour      |       |    29 |   151 ||   180
Dodge: Dodged            |    76 |    75 |    80 ||   231
